 Dungeon Crawl Stone Soup version 0.29-a0-284-gf9362112df (webtiles) character file.

Game seed: 3664223740564285416

4 weeeeee the Skirmisher (level 1, -1/20 HPs)
             Began as a Hill Orc Fighter on Mar 16, 2022.
             Frozen to death by an endoplasm (2 damage)
             ... on level 1 of the Dungeon.
             The game lasted 00:03:58 (211 turns).

weeeeee the Skirmisher (Hill Orc Fighter)            Turns: 211, Time: 00:03:59

Health: -1/20      AC:  6    Str: 18    XL:     1   Next: 60%
Magic:  1/1        EV:  9    Int:  8    God:
Gold:   44         SH:  4    Dex: 10    Spells: 0/0 levels left

rFire   . . .      SeeInvis .   a - +0 flail
rCold   . . .      Faith    .   c - +0 buckler
rNeg    . . .      Spirit   .   b - +0 scale mail
rPois   .          Reflect  .   (no helmet)
rElec   .          Harm     .   (no cloak)
rCorr   .          Rampage  .   (no gloves)
Will    .....                   (no boots)
Stlth   ..........              (no amulet)
HPRegen 0.06/turn               (no ring)
MPRegen 0.07/turn               (no ring)

@: no status effects
A: no striking features
a: no special abilities


You were on level 1 of the Dungeon.
You visited 1 branch of the dungeon, and saw 1 of its levels.

You collected 44 gold pieces.

Inventory:

Hand Weapons
 a - a +0 flail (weapon)
Missiles
 e - 3 boomerangs (quivered)
Armour
 b - a +0 scale mail (worn)
 c - a +0 buckler (worn)
 f - a +1 helmet
 h - a +0 robe
Scrolls
 g - a scroll of vulnerability {unknown}
Potions
 d - a potion of might


   Skills:
 + Level 3.8 Fighting
 + Level 2.2 Maces & Flails
 + Level 3.3 Armour
 + Level 3.3 Shields


You couldn't memorise any spells.
You didn't know any spells.
Your spell library contained the following spells:

 Spells                   Type           Power      Damage    Failure   Level
 Animate Dead             Necr           0%         N/A       100%        4
 Borgnjor's Vile Clutch   Necr/Erth      0%         N/A       100%        5
 Death Channel            Necr           0%         N/A       100%        6


Dungeon Overview and Level Annotations

Branches:
Dungeon (1/15)

Altars:


Message History

You hit the quokka.
The quokka is almost dead.
You block the quokka's attack. The kobold hits you but does no damage.
The quokka closely misses you.
Hit: a) +0 flail
Press: ? - help, Dir - move target, f/p - quokka
Aim: a quokka (almost dead, about 59% to evade your +0 flail)
You barely miss the quokka.
The quokka is almost dead.
The kobold barely misses you. The quokka bites you.
The kobold hits you but does no damage. The quokka bites you.
* * * LOW HITPOINT WARNING * * *
Hit: a) +0 flail
Press: ? - help, Dir - move target, f/p - quokka
Aim: a quokka (almost dead, about 59% to evade your +0 flail)
You closely miss the quokka.
The quokka is almost dead.
The quokka bites you but does no damage.
The endoplasm hits you but does no damage.
The kobold hits you with a +0 club.
* * * LOW HITPOINT WARNING * * *
Hit: a) +0 flail
Press: ? - help, Dir - move target, f/p - quokka
Aim: a quokka (almost dead, about 59% to evade your +0 flail)
You closely miss the quokka.
The quokka is almost dead.
The quokka bites you but does no damage.
The endoplasm barely misses you. The kobold closely misses you.
The quokka bites you but does no damage.
Hit: a) +0 flail
Press: ? - help, Dir - move target, f/p - quokka
Aim: a quokka (almost dead, about 59% to evade your +0 flail)
You barely miss the quokka.
The quokka is almost dead.
The endoplasm hits you.
* * * LOW HITPOINT WARNING * * *
The kobold hits you but does no damage. The quokka barely misses you.
The endoplasm freezes you.
You are frozen.
You die...

#..#..###..##
####............
##...........#.##
#..#...#..##..[..
#.#...#..## ###..
#.......## .
##.....###
#.J...##
###@#..#####..
#..Kr.........
#..#...###.)##
#...##..........
#.## #...####...
#. #.#....... #
.∩.....8...
.............
#..............


You could see an endoplasm, a quokka and a kobold.

Vanquished Creatures
  An endoplasm (D:1)
  A hobgoblin (D:1)
  A frilled lizard (D:1)
  A rat (D:1)
4 creatures vanquished.

Notes
Turn   | Place    | Note
-------+----------+-------------------------------------------
     0 | D:1      | weeeeee the Hill Orc Fighter began the quest for the Orb.
     0 | D:1      | Reached XP level 1. HP: 19/19 MP: 1/1
   211 | D:1      | HP: 1/20 [endoplasm (1)]
   211 | D:1      | Frozen to death by an endoplasm

Illustrated notes

Levels and vault maps discovered:
D:1:      nzn_arrival_depleted_hourglass, layout_rooms,
          hellmonk_ecumenical_altar_arch_garden, minmay_tetromino_s2

Action                   || total
-------------------------++-------
Melee: Flail             ||    14
Armor: Scale mail        ||    18
Dodge: Dodged            ||    20
Block: Buckler           ||     9

Table legend: (Time is in decaauts)
 A = Elapsed time spent in this place.
 B = Non-inter-level travel time spent in this place.
 C = Inter-level travel time spent in this place.
 D = Time resting spent in this place.
 E = Time spent auto-exploring this place.
 F = Levels seen in this place.
 G = Mean time per level.
                   A        B        C        D        E       F      G
               +--------+--------+--------+--------+--------+-----+--------+
         Total |    217 |    207 |     10 |      0 |      0 |   1 |  217.0 |
       Dungeon |    217 |    207 |     10 |      0 |      0 |   1 |  217.0 |
               +--------+--------+--------+--------+--------+-----+--------+

Top non-repeatable levels by time:
     D:1: 217 daAuts
